AoeStats
← Big Stysiu

Hideout

509409270Analyzed
1v1 RM · 4d ago on Sep 26, 2026· 41m 39s· 2 players
Game mode
Random Map
Map size
Tiny (2 player)
Population
200
Speed
Normal
Resources
Standard
Victory
Conquest
Starting age
Dark Age
Ending age
Imperial Age
RankedLock teamsTeams togetherTeam positionsShared explorationLock speedFull tech treeHidden civsTurbo modeCheats
Victory
Defeat
🇫🇷 Mongols · France
1047
+16
🇵🇱 Koreans · Poland
1040
-16
Big Stysiu
11:05 Feudal Age
11:14 Loom
12:21 Loom
17:13 Castle Age
22:14 Town Watch
22:19 Horse Collar
22:27 Double-Bit Axe
23:58 Bow Saw
32:16 Imperial Age
30:40 Wheelbarrow
31:50 Fletching
41:23 Chemistry
41:04 Bodkin Arrow
jacquasant
7:54 Loom
9:44 Feudal Age
11:21 Double-Bit Axe
17:22 Castle Age
16:13 Bloodlines
16:22 Forging
18:16 Scale Barding Armor
20:52 Bow Saw
21:19 Fletching
21:30 Padded Archer Armor
24:34 Gold Mining
25:05 Bodkin Arrow
30:29 Husbandry
31:37 Thumb Ring
34:29 Wheelbarrow
33:41 Town Watch
35:34 Leather Archer Armor
38:45 Imperial Age
36:31 Hand Cart
38:39 Town Patrol
38:46 Elite Steppe Lancer
40:06 Iron Casting
39:52 Chain Barding Armor
39:56 Drill
39:01 Capped Ram
Connection lost

Rejoining the realm…

Still unreachable

The connection could not be restored.

Session expired

The server has moved on; the page needs a fresh start.